 Dungeon Sprint DCSS version 0.31-a0-1098-g6898e6545c (webtiles) character file.

Game seed: 2550514632196226189

11093 Gladio the Wrestler (level 11, -2/131 HPs)
             Began as a Troll Berserker on Nov 30, 2023.
             Was a High Priest of Trog.
             Slain by a catoblepas (6 damage)
             ... while petrified by a catoblepas
             ... in the Dungeon (Sprint IX: "|||||||||||||||||||||||||||||").
             The game lasted 00:03:32 (753 turns).

Gladio the Wrestler (Troll Berserker)                Turns: 753, Time: 00:03:32

Health: -2/131     AC:  7    Str: 34    XL:     11   Next: 44%
Magic:  10/10      EV:  1    Int:  3    God:    Trog [*****.]
Gold:   1          SH:  0    Dex:  9    Spells: 10/10 levels left

rFire   . .          .
                       - Unarmed
rCold   . . .        (no shield)
rNeg    + + +        a - +0 animal skin
rPois   ∞            (helmet restricted)
rElec   .            l - +0 cloak
rCorr   .            (gloves unavailable)
SInv    .            (boots unavailable)
Will    .....        (no amulet)
Stlth   +            j - +2 ring of protection
HPRegen 1.21/turn    k - +3 ring of strength
MPRegen 0.12/turn

%: no teleportation
@: petrified
A: large, unfitting armour, claws 3, regeneration 1, shaggy fur 1, tough skin 1
a: Renounce Religion, Berserk, Trog's Hand, Brothers in Arms


You were in the Dungeon.
You worshipped Trog.
Trog was extremely pleased with you.
You visited 1 branch You collected 1 gold pieces.

Inventory:

Armour
 a - a +0 animal skin (worn)
 l - a +0 cloak (worn)
Jewellery
 j - a +2 ring of protection (left claw)
 k - a +3 ring of strength (right claw)
Wands
 i - a wand of light (7)
Scrolls
 g - 2 scrolls of blinking
 m - 2 scrolls of amnesia
 o - a scroll of poison
 p - 4 scrolls of enchant armour
 q - a scroll of fear
 r - 2 scrolls of fog
Potions
 b - 5 potions of curing
 c - 6 potions of heal wounds
 d - a potion of haste
 e - 4 potions of magic
 f - 2 potions of berserk rage
 h - a potion of invisibility
 n - a potion of mutation
Miscellaneous
 s - a sack of spiders


   Skills:
 + Level 14.5 Fighting
 - Level 4.7 Dodging
 * Level 22.3 Unarmed Combat


You had 10 spell levels left.
You didn't know any spells.
Your spell library was empty.

Dungeon Overview and Level Annotations

Branches:
Dungeon (1/1)

Altars:
Cheibriados
Dithmenos
Elyvilon
Fedhas
Gozag
Hepliaklqana
Kikubaaqudgha
Makhleb
Nemelex Xobeh
Okawaru
Qazlal
Ru
Sif Muna
Trog
Uskayaw
Vehumet
Wu Jian
Xom
Yredelemnul
Zin
The Shining One
Jiyva
Lugonu


Innate Abilities, Weirdness & Mutations

You are too large for most types of armour.
You have claws for hands.
Your natural rate of healing is unusually fast.
You are covered in fur. (AC +1)
You have tough skin. (AC +1)


Message History

The death yak is moderately wounded.
You scratch the death yak but do no damage.
The death yak is moderately wounded.
The death yak gores you but does no damage.
You scratch the death yak.
The death yak is moderately wounded.
You mangle the death yak!!
The death yak is almost dead.
The death yak closely misses you.
You scratch the death yak but do no damage.
The death yak is almost dead.
The death yak gores you!
* * * LOW HITPOINT WARNING * * *
You mangle the death yak!!
You kill the death yak!
Trog accepts your kill.
The catoblepas breathes a plume of calcifying dust at you.
The blast of calcifying dust hits you!
* * * LOW HITPOINT WARNING * * *
You are engulfed in calcifying dust.
The catoblepas gores you.
* * * LOW HITPOINT WARNING * * *
Items here: ) †††.
You eviscerate the catoblepas!!!
You claw the catoblepas, but do no damage.
The catoblepas is heavily wounded.
You are engulfed in calcifying dust.
You are slowing down.
The catoblepas breathes a plume of calcifying dust at you.
The blast of calcifying dust hits you but does no damage.
You barely miss the catoblepas.
The catoblepas is heavily wounded.
You are engulfed in calcifying dust.
You claw the catoblepas! You claw the catoblepas.
The catoblepas is severely wounded.
You are engulfed in calcifying dust.
Your limbs have turned to stone.
The catoblepas gores you!!
* * * LOW HITPOINT WARNING * * *
You have turned to stone.
You are engulfed in calcifying dust.
The catoblepas gores you!
You die...

▓▓▓▓▓▓▓▓▓▓▓▓▓▓▓▓▓▓▓▓▓▓▓▓▓▓
Y.....'.Y@§§§††††.........
▓▓▓▓▓▓▓▓▓▓▓▓▓▓▓▓▓▓▓▓▓▓▓▓▓▓▓▓▓▓▓▓▓
.................................
▓▓▓▓▓▓▓▓▓▓▓▓▓▓▓▓▓▓▓▓▓▓▓▓▓▓▓▓▓▓▓▓▓
.)))..[.[.)..'___________________
▓▓▓▓▓▓▓▓▓▓▓▓▓▓▓▓▓▓▓▓▓▓▓▓▓▓▓▓▓▓▓▓▓


You could see a catoblepas.

Vanquished Creatures
  A hydra (D)
  3 catoblepae (D)
  3 death yaks (D)
  A manticore (D)
  An elephant (D)
  2 cane toads (D)
  A kobold demonologist (D)
  A rime drake (D)
  A troll (D)
  A blink frog (D)
  A slime creature (D)
  A vampire (D)
  A shadow (D)
  2 yaks (D)
  A water moccasin (D)
  An orc warrior (D)
  2 black bears (D)
  2 ogres (D)
  A bullfrog (D)
  A jelly (D)
  An orc wizard (D)
  An orc (D)
  An endoplasm (D)
  A hobgoblin (D)
  A ball python (D)
  A frilled lizard (D)
  A rat (D)
35 creatures vanquished.

Vanquished Creatures (collateral kills)
  A hydra (D)
  A catoblepas (D)
  A death yak (D)
  A cane toad (D)
  A komodo dragon (D)
  2 blink frogs (D)
  3 yaks (D)
10 creatures vanquished.

Vanquished Creatures (others)
  A centaur warrior (D)
  A boulder beetle (D)
2 creatures vanquished.

Grand Total: 47 creatures vanquished

Notes
Turn   | Place    | Note
-------+----------+-------------------------------------------
     0 | D        | Gladio the Troll Berserker began the quest for the Orb.
     0 | D        | Reached XP level 1. HP: 22/22 MP: 0/0
     9 | D        | Reached ** piety under Trog
    19 | D        | Noticed a jelly
    19 | D        | Noticed a black bear
    19 | D        | Noticed an ogre
    19 | D        | Noticed an ogre
    24 | D        | Killed an ogre
    25 | D        | Reached skill level 5 in Unarmed Combat
    25 | D        | Reached XP level 2. HP: 33/33 MP: 1/1
    25 | D        | Reached XP level 3. HP: 41/41 MP: 2/2
    25 | D        | Reached XP level 4. HP: 49/49 MP: 3/3
    29 | D        | Killed an ogre
    29 | D        | Reached *** piety under Trog
    30 | D        | Reached skill level 5 in Fighting
    30 | D        | Reached skill level 8 in Unarmed Combat
    30 | D        | Reached XP level 5. HP: 59/59 MP: 4/4
    32 | D        | Killed a black bear
    33 | D        | Reached skill level 9 in Unarmed Combat
    36 | D        | Reached XP level 6. HP: 68/68 MP: 5/5
   192 | D        | Found a snail-covered altar of Cheibriados.
   192 | D        | Found a shadowy altar of Dithmenos.
   192 | D        | Found a white marble altar of Elyvilon.
   192 | D        | Found a blossoming altar of Fedhas.
   192 | D        | Found an opulent altar of Gozag.
   193 | D        | Found a hazy altar of Hepliaklqana.
   194 | D        | Found a viscous altar of Jiyva.
   195 | D        | Found an ancient bone altar of Kikubaaqudgha.
   196 | D        | Found a corrupted altar of Lugonu.
   197 | D        | Found a burning altar of Makhleb.
   198 | D        | Found a sparkling altar of Nemelex Xobeh.
   199 | D        | Found an iron altar of Okawaru.
   200 | D        | Found a stormy altar of Qazlal.
   201 | D        | Found a sacrificial altar of Ru.
   202 | D        | Found a shimmering blue altar of Sif Muna.
   203 | D        | Found a bloodstained altar of Trog.
   204 | D        | Found a hide-covered altar of Uskayaw.
   205 | D        | Found a radiant altar of Vehumet.
   206 | D        | Found an ornate altar of the Wu Jian Council.
   207 | D        | Found a shimmering altar of Xom.
   208 | D        | Found a basalt altar of Yredelemnul.
   209 | D        | Found a glowing silver altar of Zin.
   210 | D        | Found a glowing golden altar of the Shining One.
   256 | D        | Noticed a kobold demonologist
   256 | D        | Noticed an orc warrior
   256 | D        | Noticed a shadow
   256 | D        | Noticed a yak
   256 | D        | Noticed a yak
   263 | D        | Reached **** piety under Trog
   264 | D        | Reached skill level 10 in Unarmed Combat
   266 | D        | Noticed a rust devil
   266 | D        | Killed a yak
   267 | D        | Reached skill level 11 in Unarmed Combat
   271 | D        | Killed a yak
   272 | D        | Reached skill level 12 in Unarmed Combat
   272 | D        | Reached XP level 7. HP: 80/80 MP: 6/6
   273 | D        | Killed a shadow
   278 | D        | Reached skill level 13 in Unarmed Combat
   283 | D        | Killed a kobold demonologist
   283 | D        | Reached ***** piety under Trog
   284 | D        | Reached XP level 8. HP: 92/92 MP: 7/7
   324 | D        | Noticed a troll
   324 | D        | Noticed a slime creature
   324 | D        | Noticed a manticore
   324 | D        | Noticed a centaur warrior
   324 | D        | Noticed a boulder beetle
   331 | D        | Killed a centaur warrior
   332 | D        | Reached skill level 14 in Unarmed Combat
   333 | D        | Killed a boulder beetle
   334 | D        | Reached skill level 10 in Fighting
   334 | D        | Reached skill level 15 in Unarmed Combat
   340 | D        | Killed a manticore
   341 | D        | Reached XP level 9. HP: 102/102 MP: 8/8
   343 | D        | Reached skill level 16 in Unarmed Combat
   351 | D        | Killed a troll
   351 | D        | Received a gift from Trog
   501 | D        | Noticed an elephant
   501 | D        | Noticed a cane toad
   501 | D        | Noticed a rime drake
   505 | D        | Killed a rime drake
   506 | D        | Reached skill level 17 in Unarmed Combat
   506 | D        | Noticed a six-headed hydra
   512 | D        | Killed a cane toad
   514 | D        | Noticed a cane toad
   521 | D        | Killed an elephant
   526 | D        | Killed a nine-headed hydra
   526 | D        | Identified the +5 lajatang "Goem" {flame, rPois rF- Str+6}
                  | (Trog gifted it to you in the Dungeon)
   526 | D        | Received a gift from Trog
   527 | D        | Reached skill level 18 in Unarmed Combat
   527 | D        | Reached XP level 10. HP: 53/115 MP: 9/9
   528 | D        | Killed a cane toad
   537 | D        | Reached skill level 19 in Unarmed Combat
   611 | D        | Noticed a death yak
   611 | D        | Noticed a six-headed hydra
   615 | D        | Killed a six-headed hydra
   618 | D        | Killed a death yak
   620 | D        | Reached skill level 20 in Unarmed Combat
   620 | D        | Noticed a cane toad
   625 | D        | Killed a cane toad
   648 | D        | Noticed a catoblepas
   648 | D        | Noticed a death yak
   648 | D        | Noticed a catoblepas
   648 | D        | Noticed a catoblepas
   648 | D        | Noticed a catoblepas
   648 | D        | Noticed a death yak
   667 | D        | Noticed a death yak
   669 | D        | Killed a death yak
   670 | D        | Reached XP level 11. HP: 127/127 MP: 10/10
   672 | D        | Killed a catoblepas
   672 | D        | Reached ****** piety under Trog
   672 | D        | Received a gift from Trog
   672 | D        | Noticed a catoblepas
   673 | D        | Reached skill level 21 in Unarmed Combat
   683 | D        | Killed a catoblepas
   705 | D        | Killed a catoblepas
   719 | D        | Killed a death yak
   731 | D        | Killed a catoblepas
   732 | D        | Reached skill level 22 in Unarmed Combat
   748 | D        | Killed a death yak
   752 | D        | HP: 2/131 [catoblepas (12)]
   753 | D        | Slain by a catoblepas

Illustrated notes

Levels and vault maps discovered:
D:        linesprint [early_d, line_temple, items_1, d_10, items_2, lair_1,
          lair_end, items_3, orc_1, orc_end, items_4, d_15, swamp_1, shoals_1,
          snake_1, spider_1, d_20, vaults_1, items_5, swamp_end, shoals_end,
          snake_end, spider_end, vaults_end, d_27, items_6, zot_1, zot_end,
          crypt_end, forest_end, elf_end, slime_end, tomb_end, abyss_end,
          pan_hell_end]

Skill      XL: |  1  2  3  4  5  6  7  8  9 10 11 |
---------------+----------------------------------+-----
Fighting       | 4 5 6 8 9 10 12 13 14 | 14.5
Dodging        | 4 |  4.7
Unarmed Combat | 5 8 9 12 13 15 18 20 22 | 22.3

Action                     |  1- 3 |  4- 6 |  7- 9 | 10-12 || total
---------------------------+-------+-------+-------+-------++-------
  Melee: Unarmed           |    13 |    20 |    45 |    31 ||   109
         Punch             |       |       |     4 |     7 ||    11
 Invoke: Berserk           |     1 |     1 |     2 |       ||     4
         Trog's Hand       |       |     1 |       |     1 ||     2
         Brothers in Arms  |       |       |       |     2 ||     2
  Evoke: Wand              |       |     2 |     1 |       ||     3
         Sack of spiders   |       |       |     1 |       ||     1
    Use: Potion            |       |       |     1 |       ||     1
   Stab: Invisible         |       |       |     2 |       ||     2
         Petrified         |       |       |       |     2 ||     2
         Petrifying        |       |       |       |     1 ||     1
 Armour: Animal skin       |     2 |     7 |    40 |    57 ||   106
  Dodge: Dodged            |     4 |     5 |    16 |     6 ||    31

Table legend: (Time is in decaauts)
 A = Elapsed time spent in this place.
 B = Non-inter-level travel time spent in this place.
 C = Inter-level travel time spent in this place.
 D = Time resting spent in this place.
 E = Time spent auto-exploring this place.
 F = Levels seen in this place.
 G = Mean time per level.
                   A        B        C        D        E       F      G
               +--------+--------+--------+--------+--------+-----+--------+
         Total |    767 |    691 |     76 |    205 |    228 |   1 |  767.0 |
       Dungeon |    767 |    691 |     76 |    205 |    228 |   1 |  767.0 |
               +--------+--------+--------+--------+--------+-----+--------+

Top non-repeatable levels by time:
       D: 767 daAuts
